SOL
ASHEVILLE TOURISTS @ SAVANNAH INDIANS
06/09/1982
 
TOP OF THE 1ST
Asheville Tourists batting - Pitching for Savannah Indians : RHP Jeffrey Horne
Pitching: RHP Jeffrey Horne
Batting: RHB Ulises Infante 0-0: Called Strike
0-1: Called Strike
0-2: Ball
1-2: Foul Ball, location: 2F
1-2: Foul Ball, location: 2F
1-2: Ball
2-2: Fly out, F6 (Popup, 6MD, EV 55.6 MPH)
Batting: SHB Wayne Simmons 0-0: Ball
1-0: Ball
2-0: Fly out, F9 (Line Drive, 9, EV 98.8 MPH)
Batting: RHB Wes Robbins 0-0: Foul Ball, location: 2F
0-1: Foul Ball, location: 2F
0-2: Strikes out looking
Top of the 1st over - 0 runs, 0 hits, 0 errors, 0 left on base; Asheville 0 - Savannah 0
BOTTOM OF THE 1ST
Savannah Indians batting - Pitching for Asheville Tourists : RHP Frank DeJiulio
Pitching: RHP Frank DeJiulio
Batting: RHB Angel Salazar 0-0: Called Strike
0-1: Foul Ball, location: 2F
0-2: Fly out, F9 (Flyball, 9D, EV 100.6 MPH)
Batting: LHB Kelvin Torve 0-0: Fly out, F8 (Flyball, 8LXD, EV 97.5 MPH)
Batting: RHB Jim Paciorek 0-0: Swinging Strike
0-1: Called Strike
0-2: Ball
1-2: Strikes out swinging
Bottom of the 1st over - 0 runs, 0 hits, 0 errors, 0 left on base; Asheville 0 - Savannah 0
TOP OF THE 2ND
Asheville Tourists batting - Pitching for Savannah Indians : RHP Jeffrey Horne
Batting: LHB Donald Mazzilli 0-0: Called Strike
0-1: SINGLE (Line Drive, 8LS, EV 97.5 MPH)
Batting: LHB Michael Wishnevski 0-0: Called Strike
0-1: Ball
1-1: Foul Ball, location: 2F
1-2: Ball
2-2: Fly out, F9 (Flyball, 89D, EV 90.0 MPH)
Batting: RHB Edward Petryschuk 0-0: Called Strike
0-1: Swinging Strike
0-2: SINGLE (Line Drive, 4M, EV 96.9 MPH)
Donald Mazzilli to second
Batting: RHB Gareth Ledbetter 0-0: Ball
1-0: Foul Ball, location: 2F
1-1: SINGLE (Groundball, 6D, EV 93.8 MPH)
Donald Mazzilli to third
Edward Petryschuk to second
Runner from 3rd tries for Home, SAFE, throw by CF to home
Batting: RHB Mike Garcia 0-0: Grounds into double play, 6-4-3 (Groundball, 6, EV 81.9 MPH)
Top of the 2nd over - 1 run, 3 hits, 0 errors, 1 left on base; Asheville 1 - Savannah 0
BOTTOM OF THE 2ND
Savannah Indians batting - Pitching for Asheville Tourists : RHP Frank DeJiulio
Batting: RHB Wade Rowdon 0-0: Called Strike
0-1: Ball
1-1: Called Strike
1-2: Ball
2-2: Strikes out swinging
Batting: RHB Ramiro Gutierrez 0-0: Ball
1-0: Called Strike
1-1: Ball
2-1: Ball
3-1: Called Strike
3-2: Ground out 5-3 (Groundball, 5S, EV 89.4 MPH)
Batting: LHB Roberto Hernandez 0-0: Ball
1-0: Ball
2-0: SINGLE (Line Drive, 4D, EV 96.3 MPH)
Batting: RHB Eddie Vargas 0-0: Ground out 4-3 (Groundball, 4M, EV 102.5 MPH)
Bottom of the 2nd over - 0 runs, 1 hit, 0 errors, 1 left on base; Asheville 1 - Savannah 0
TOP OF THE 3RD
Asheville Tourists batting - Pitching for Savannah Indians : RHP Jeffrey Horne
Batting: LHB Daniel McInerny 0-0: Swinging Strike
0-1: Ball
1-1: Foul Ball, location: 2F
1-2: Ball
2-2: Strikes out swinging
Batting: RHB Ulises Infante 0-0: Fly out, F9 (Flyball, 89D, EV 106.3 MPH)
Batting: SHB Wayne Simmons 0-0: Swinging Strike
0-1: Ball
1-1: Foul Ball, location: 2F
1-2: Foul Ball, location: 2F
1-2: Ground out 4-3 (Groundball, 34D, EV 85.0 MPH)
Top of the 3rd over - 0 runs, 0 hits, 0 errors, 0 left on base; Asheville 1 - Savannah 0
BOTTOM OF THE 3RD
Savannah Indians batting - Pitching for Asheville Tourists : RHP Frank DeJiulio
Batting: RHB Mario Diaz 0-0: Called Strike
0-1: DOUBLE (Flyball, 8LD, EV 91.3 MPH)
Batting: RHB Dan Plante 0-0: Ball
1-0: Foul Ball, location: 2F
1-1: Foul Ball, location: 2F
1-2: Ball
2-2: Ball
3-2: Foul Ball, location: 2F
3-2: Foul Ball, location: 2F
3-2: Foul Ball, location: 2F
3-2: SINGLE (Groundball, 6MD, EV 100.0 MPH)
Mario Diaz to third
Throwing error, E8
Mario Diaz scores
Dan Plante to second
Batting: RHB Angel Salazar 0-0: Called Strike
0-1: Ball
1-1: Called Strike
1-2: Fly out, F7 (Flyball, 7, EV 86.9 MPH)
Batting: LHB Kelvin Torve 0-0: Ball
1-0: Ground out 4-3 (Groundball, 34D, EV 102.5 MPH)
Dan Plante to third
Batting: RHB Jim Paciorek 0-0: Fly out, F8 (Flyball, 8RM, EV 87.5 MPH)
Bottom of the 3rd over - 1 run, 2 hits, 1 error, 1 left on base; Asheville 1 - Savannah 1
TOP OF THE 4TH
Asheville Tourists batting - Pitching for Savannah Indians : RHP Jeffrey Horne
Batting: RHB Wes Robbins 0-0: Ground out 4-3 (Groundball, 4, EV 75.6 MPH)
Batting: LHB Donald Mazzilli 0-0: Swinging Strike
0-1: Foul Ball, location: 2F
0-2: Ball
1-2: Strikes out swinging
Batting: LHB Michael Wishnevski 0-0: Ball
1-0: Foul Ball, location: 2F
1-1: Foul Ball, location: 2F
1-2: Foul Ball, location: 2F
1-2: Foul Ball, location: 2F
1-2: Strikes out swinging
Top of the 4th over - 0 runs, 0 hits, 0 errors, 0 left on base; Asheville 1 - Savannah 1
BOTTOM OF THE 4TH
Savannah Indians batting - Pitching for Asheville Tourists : RHP Frank DeJiulio
Batting: RHB Wade Rowdon 0-0: Ball
1-0: Swinging Strike
1-1: Called Strike
1-2: Foul Ball, location: 2F
1-2: Ball
2-2: Foul Ball, location: 2F
2-2: DOUBLE (Line Drive, 9LM, EV 101.3 MPH)
Batting: RHB Ramiro Gutierrez 0-0: Swinging Strike
0-1: Ball
1-1: Ball
2-1: Ball
3-1: Foul Ball, location: 2F
3-2: Fly out, F7 (Flyball, 7, EV 86.9 MPH)
Batting: LHB Roberto Hernandez 0-0: Fly out, F7 (Flyball, 7, EV 93.8 MPH)
Batting: RHB Eddie Vargas 0-0: Ball
1-0: Called Strike
1-1: Ball
2-1: Swinging Strike
2-2: Strikes out swinging
Bottom of the 4th over - 0 runs, 1 hit, 0 errors, 1 left on base; Asheville 1 - Savannah 1
TOP OF THE 5TH
Asheville Tourists batting - Pitching for Savannah Indians : RHP Jeffrey Horne
Batting: RHB Edward Petryschuk 0-0: Ball
1-0: Called Strike
1-1: Swinging Strike
1-2: Foul Ball, location: 2F
1-2: Ball
2-2: Strikes out swinging, 2-3 out at first.
Batting: RHB Gareth Ledbetter 0-0: Called Strike
0-1: Ball
1-1: Called Strike
1-2: Ball
2-2: SINGLE (Flyball, 8RS, EV 95.6 MPH)
Batting: RHB Mike Garcia 0-0: Called Strike
0-1: Ball
1-1: Called Strike
1-2: Foul Ball, location: 2F
1-2: Ball
2-2: Foul Ball, location: 2F
2-2: 2-RUN HOME RUN (Flyball, 7LD, EV 100.0 MPH), Distance : 373 ft
Batting: LHB Daniel McInerny 0-0: Called Strike
0-1: Ground out 6-3 (Groundball, 4MS, EV 84.4 MPH)
Batting: RHB Ulises Infante 0-0: Called Strike
0-1: Ball
1-1: Ground out 4-3 (Groundball, 4, EV 89.4 MPH)
Top of the 5th over - 2 runs, 2 hits, 0 errors, 0 left on base; Asheville 3 - Savannah 1
BOTTOM OF THE 5TH
Savannah Indians batting - Pitching for Asheville Tourists : RHP Frank DeJiulio
Batting: RHB Mario Diaz 0-0: Ball
1-0: Ground out 6-3 (Groundball, 6M, EV 105.6 MPH)
Batting: RHB Dan Plante 0-0: Called Strike
0-1: Ball
1-1: Ball
2-1: Ground out 6-3 (Groundball, 6, EV 102.5 MPH)
Batting: RHB Angel Salazar 0-0: Ball
1-0: Ball
2-0: Ball
3-0: Called Strike
3-1: Foul Ball, location: 2F
3-2: Strikes out swinging
Bottom of the 5th over - 0 runs, 0 hits, 0 errors, 0 left on base; Asheville 3 - Savannah 1
TOP OF THE 6TH
Asheville Tourists batting - Pitching for Savannah Indians : RHP Jeffrey Horne
Batting: SHB Wayne Simmons 0-0: Called Strike
0-1: SINGLE (Line Drive, 9S, EV 97.5 MPH)
Batting: RHB Wes Robbins 0-0: Fly out, F6 (Line Drive, 6, EV 70.0 MPH)
Batting: LHB Donald Mazzilli 0-0: Called Strike
0-1: Ball
Wayne Simmons steals 2nd base (no throw)
1-1: Fly out, F8 (Flyball, 8LM, EV 88.8 MPH)
Batting: LHB Michael Wishnevski 0-0: Ball
1-0: Ball
2-0: Ball
3-0: Called Strike
3-1: Base on Balls
Batting: RHB Edward Petryschuk 0-0: Called Strike
0-1: Called Strike
0-2: Foul Ball, location: 2F
0-2: Strikes out swinging, 2-3 out at first.
Top of the 6th over - 0 runs, 1 hit, 0 errors, 2 left on base; Asheville 3 - Savannah 1
BOTTOM OF THE 6TH
Savannah Indians batting - Pitching for Asheville Tourists : RHP Frank DeJiulio
Batting: LHB Kelvin Torve 0-0: Foul Ball, location: 2F
0-1: Swinging Strike
0-2: Ball
1-2: Foul Ball, location: 2F
1-2: Strikes out swinging
Batting: RHB Jim Paciorek 0-0: Fly out, F8 (Line Drive, 8LM, EV 98.1 MPH)
Batting: RHB Wade Rowdon 0-0: Fly out, F8 (Flyball, 8RD, EV 88.1 MPH)
Bottom of the 6th over - 0 runs, 0 hits, 0 errors, 0 left on base; Asheville 3 - Savannah 1
TOP OF THE 7TH
Asheville Tourists batting - Pitching for Savannah Indians : RHP Jeffrey Horne
Batting: RHB Gareth Ledbetter 0-0: SINGLE (Flyball, 8RS, EV 91.3 MPH)
Batting: RHB Mike Garcia 0-0: Bunt - Flyout to 2R! F2
Batting: LHB Daniel McInerny 0-0: SINGLE (Flyball, 89S, EV 89.4 MPH)
Gareth Ledbetter to second
Batting: RHB Ulises Infante 0-0: Swinging Strike
0-1: Swinging Strike
0-2: Ball
1-2: Ball
2-2: Foul Ball, location: 2F
2-2: Grounds into double play, 4-6-3 (Groundball, 4, EV 93.8 MPH)
Top of the 7th over - 0 runs, 2 hits, 0 errors, 1 left on base; Asheville 3 - Savannah 1
BOTTOM OF THE 7TH
Savannah Indians batting - Pitching for Asheville Tourists : RHP Frank DeJiulio
Batting: RHB Ramiro Gutierrez 0-0: Swinging Strike
0-1: Ball
1-1: Foul Ball, location: 2F
1-2: Ball
2-2: Fly out, F8 (Flyball, 89M, EV 91.3 MPH)
Batting: LHB Roberto Hernandez 0-0: Called Strike
0-1: Ball
1-1: Ball
2-1: Swinging Strike
2-2: Foul Ball, location: 2F
2-2: Fly out, F7 (Flyball, 7LM, EV 90.0 MPH)
Batting: RHB Eddie Vargas 0-0: Fly out, F9 (Line Drive, 9, EV 89.4 MPH)
Bottom of the 7th over - 0 runs, 0 hits, 0 errors, 0 left on base; Asheville 3 - Savannah 1
TOP OF THE 8TH
Asheville Tourists batting - Pitching for Savannah Indians : RHP Jeffrey Horne
Batting: SHB Wayne Simmons 0-0: Ball
1-0: Foul Ball, location: 2F
1-1: Called Strike
1-2: Foul Ball, location: 2F
1-2: Ball
2-2: Foul Ball, location: 2F
2-2: Strikes out swinging
Batting: RHB Wes Robbins 0-0: Fly out, F8 (Flyball, 89XD, EV 76.3 MPH)
Batting: LHB Donald Mazzilli 0-0: Ball
1-0: Ball
2-0: Called Strike
2-1: Ball
3-1: Foul Ball, location: 2F
3-2: Strikes out swinging
Top of the 8th over - 0 runs, 0 hits, 0 errors, 0 left on base; Asheville 3 - Savannah 1
BOTTOM OF THE 8TH
Savannah Indians batting - Pitching for Asheville Tourists : RHP Frank DeJiulio
Batting: RHB Mario Diaz 0-0: Fly out, F6 (Popup, 6D, EV 51.9 MPH)
Batting: RHB Dan Plante 0-0: Called Strike
0-1: Ball
1-1: Swinging Strike
1-2: Strikes out swinging
Batting: RHB Angel Salazar 0-0: Called Strike
0-1: Ball
1-1: Ball
2-1: Ball
3-1: Base on Balls
Batting: LHB Kelvin Torve 0-0: Called Strike
0-1: Ball
1-1: Ball
2-1: Swinging Strike
2-2: Strikes out swinging
Bottom of the 8th over - 0 runs, 0 hits, 0 errors, 1 left on base; Asheville 3 - Savannah 1
TOP OF THE 9TH
Asheville Tourists batting - Pitching for Savannah Indians : RHP Jeffrey Horne
Batting: LHB Michael Wishnevski 0-0: Called Strike
0-1: Ball
1-1: Called Strike
1-2: Foul Ball, location: 2F
1-2: Fly out, F6 (Popup, 6MS, EV 81.3 MPH)
Batting: RHB Edward Petryschuk 0-0: Called Strike
0-1: Called Strike
0-2: Strikes out looking
Batting: RHB Gareth Ledbetter 0-0: Ball
1-0: Called Strike
1-1: Ground out 1-3 (Groundball, 13S, EV 69.4 MPH)
Top of the 9th over - 0 runs, 0 hits, 0 errors, 0 left on base; Asheville 3 - Savannah 1
BOTTOM OF THE 9TH
Savannah Indians batting - Pitching for Asheville Tourists : RHP Frank DeJiulio
Pitching: LHP Dave Schuler
Batting: RHB Jim Paciorek 0-0: Ball
1-0: Fly out, F3 (Popup, 23F, EV 85.0 MPH)
Batting: RHB Wade Rowdon 0-0: Called Strike
0-1: Ball
1-1: Foul Ball, location: 2F
1-2: Strikes out swinging
Batting: RHB Ramiro Gutierrez 0-0: Called Strike
0-1: SINGLE (Groundball, 4MD, EV 110.0 MPH)
Batting: LHB Roberto Hernandez 0-0: Ground out 4-3 (Groundball, 34, EV 101.9 MPH)
Bottom of the 9th over - 0 runs, 1 hit, 0 errors, 1 left on base; Asheville 3 - Savannah 1
Thursday, August 6th, 2020 - OOTP Baseball 21.5 Build 76